[ AOE2 MATCH · #504544190 ]
UnrankedTeutons vs Franks
Player's team · LOSS
Rival team · WIN
[ REPLAY ANALYSIS · EXTRACTED FROM THE RECORDED GAME ]
Feudal
10:07
Castle
30:43
Imperial
—
| APM avg | 43.6 |
| APM peak | 135 |
| eAPM avg | 20.7 |
| Villagers / military | 73 / 20 |
Focus
⚔️ 25.2% · 🌾 74.8%
Monk ×8 · Spearman ×6 · Teutonic Knight ×4 · Mangonel ×1 · Scorpion ×1
Feudal
10:26
Castle
25:23
Imperial
39:55
| APM avg | 41.1 |
| APM peak | 84 |
| eAPM avg | 20.5 |
| Villagers / military | 110 / 58 |
Focus
⚔️ 20.4% · 🌾 79.6%
Scout Cavalry ×24 · Knight ×18 · Throwing Axeman ×10 · Spearman ×3 · Trebuchet (Packed) ×3
Match map
Initial resources + every placement click. Lines = walls · curves = elevation contours. ◆ gold · ⬟ stone · ● berries · ✦ relic · ◌ wall gap
Your base· Open — 3t gap
Tupeck's base· ✓ Closed at 25:23 · 73t walls · 1 gate(s)
Smoothed initial terrain · ◌ = detected wall gap · hover for details
Inputs per minute
— Dafixios - - Tupeck
Build order — Dafixios
First 150 of 201 actions detected
| 0:03 | Queue | Villager (Male) ×4 |
| 0:04 | Build | House |
| 0:06 | Build | House |
| 1:25 | Queue | Villager (Male) |
| 1:50 | Build | Lumber Camp |
| 2:03 | Queue | Villager (Male) |
| 2:03 | Queue | Villager (Male) |
| 2:18 | Queue | Villager (Male) |
| 2:42 | Queue | Villager (Male) |
| 3:09 | Queue | Villager (Male) |
| 3:27 | Build | Mill |
| 3:44 | Queue | Villager (Male) |
| 4:01 | Queue | Villager (Male) |
| 4:06 | Build | House |
| 4:44 | Queue | Villager (Male) |
| 4:44 | Queue | Villager (Male) |
| 5:09 | Queue | Villager (Male) |
| 5:59 | Research | Loom |
| 6:38 | Queue | Villager (Male) |
| 6:38 | Queue | Villager (Male) |
| 6:39 | Queue | Villager (Male) |
| 7:08 | Build | House |
| 7:57 | Research | Feudal Age |
| 8:38 | Build | Mining Camp |
| 8:43 | Queue | Villager (Male) |
| 8:44 | Queue | Villager (Male) |
| 8:44 | Queue | Villager (Male) |
| 9:19 | Build | House |
| 10:07 | Age | Feudal Age |
| 11:16 | Queue | Villager (Male) |
| 11:17 | Queue | Villager (Male) |
| 11:25 | Build | Blacksmith |
| 11:26 | Build | House |
| 11:29 | Research | Double-Bit Axe |
| 11:31 | Research | Stone Mining |
| 12:16 | Build | Watch Tower |
| 13:29 | Queue | Villager (Male) |
| 13:30 | Queue | Villager (Male) |
| 13:30 | Queue | Villager (Male) |
| 13:30 | Queue | Villager (Male) |
| 14:05 | Queue | Villager (Male) |
| 14:05 | Queue | Villager (Male) |
| 14:25 | Queue | Villager (Male) |
| 14:38 | Build | Watch Tower |
| 14:46 | Build | House |
| 14:48 | Build | House |
| 14:50 | Build | Palisade Wall |
| 16:01 | Build | House |
| 16:39 | Build | Watch Tower |
| 16:42 | Queue | Villager (Male) |
| 16:50 | Build | Watch Tower |
| 17:02 | Build | Watch Tower |
| 17:48 | Build | Farm |
| 17:48 | Build | Farm |
| 17:49 | Build | Farm |
| 17:51 | Build | Farm |
| 17:51 | Build | Farm |
| 17:51 | Build | Farm |
| 17:51 | Build | Farm |
| 17:52 | Build | Farm |
| 19:00 | Build | Palisade Wall |
| 19:03 | Build | Palisade Wall |
| 19:51 | Queue | Villager (Male) |
| 19:51 | Queue | Villager (Male) |
| 19:51 | Queue | Villager (Male) |
| 20:00 | Queue | Villager (Male) |
| 20:39 | Build | Mining Camp |
| 20:47 | Build | Farm |
| 20:55 | Queue | Villager (Male) |
| 20:55 | Queue | Villager (Male) |
| 21:06 | Build | Market |
| 21:32 | Queue | Villager (Male) |
| 21:32 | Queue | Villager (Male) |
| 22:06 | Build | Watch Tower |
| 22:09 | Queue | Villager (Male) |
| 22:10 | Queue | Villager (Male) |
| 22:10 | Queue | Villager (Male) |
| 22:13 | Build | Farm |
| 22:14 | Build | Farm |
| 22:36 | Queue | Villager (Male) |
| 23:09 | Build | Farm |
| 23:11 | Build | Farm |
| 23:39 | Build | Farm |
| 23:48 | Queue | Villager (Male) |
| 24:12 | Build | House |
| 24:13 | Build | House |
| 24:39 | Build | Barracks |
| 24:52 | Build | House |
| 24:54 | Build | House |
| 24:55 | Build | House |
| 24:56 | Build | House |
| 25:22 | Build | Watch Tower |
| 25:24 | Queue | Villager (Male) |
| 25:24 | Queue | Villager (Male) |
| 25:31 | Build | House |
| 25:55 | Queue | Spearman |
| 25:56 | Queue | Spearman |
| 26:58 | Queue | Spearman |
| 27:13 | Build | Farm |
| 27:15 | Build | Farm |
| 27:17 | Build | Farm |
| 27:30 | Build | Stone Wall |
| 27:45 | Build | Stone Wall |
| 28:01 | Queue | Spearman |
| 28:03 | Research | Castle Age |
| 28:16 | Build | Stone Wall |
| 28:30 | Build | House |
| 28:56 | Build | Barracks |
| 29:36 | Queue | Spearman |
| 29:51 | Build | Farm |
| 29:56 | Build | Palisade Wall |
| 30:43 | Age | Castle Age |
| 31:01 | Build | Town Center |
| 31:03 | Queue | Villager (Male) |
| 31:03 | Queue | Villager (Male) |
| 31:48 | Queue | Villager (Male) |
| 31:48 | Queue | Villager (Male) |
| 31:57 | Build | House |
| 32:12 | Research | Wheelbarrow |
| 32:22 | Queue | Villager (Male) |
| 32:22 | Queue | Villager (Male) |
| 32:31 | Queue | Villager (Male) |
| 32:36 | Queue | Spearman |
| 32:40 | Queue | Villager (Male) |
| 32:47 | Build | Farm |
| 33:02 | Build | House |
| 33:16 | Build | House |
| 33:28 | Queue | Villager (Male) |
| 33:28 | Queue | Villager (Male) |
| 33:31 | Build | House |
| 34:11 | Queue | Villager (Male) |
| 34:20 | Build | Mining Camp |
| 34:43 | Queue | Villager (Male) |
| 35:20 | Build | House |
| 35:22 | Build | Palisade Wall |
| 35:49 | Queue | Villager (Male) |
| 35:49 | Queue | Villager (Male) |
| 36:14 | Queue | Villager (Male) |
| 36:14 | Queue | Villager (Male) |
| 37:01 | Build | Monastery |
| 37:07 | Build | Monastery |
| 37:35 | Build | Mining Camp |
| 37:50 | Queue | Monk |
| 37:53 | Queue | Villager (Male) |
| 37:56 | Queue | Villager (Male) |
| 38:01 | Build | Farm |
| 38:01 | Build | Farm |
| 38:02 | Build | Farm |
| 38:03 | Queue | Monk |
| 38:05 | Queue | Villager (Male) |
Build order — Tupeck
First 150 of 309 actions detected
| 0:02 | Research | Loom |
| 0:02 | Research | Loom |
| 0:02 | Queue | Villager (Male) |
| 0:03 | Build | House |
| 0:05 | Build | House |
| 0:18 | Queue | Villager (Male) |
| 0:19 | Queue | Villager (Male) |
| 0:19 | Queue | Villager (Male) |
| 1:43 | Queue | Villager (Male) |
| 2:17 | Build | Lumber Camp |
| 2:18 | Queue | Villager (Male) |
| 2:31 | Queue | Villager (Male) |
| 3:03 | Queue | Villager (Male) |
| 3:23 | Queue | Villager (Male) |
| 3:48 | Queue | Villager (Male) |
| 4:06 | Queue | Villager (Male) |
| 4:14 | Build | House |
| 4:37 | Build | Mill |
| 5:13 | Queue | Villager (Male) |
| 5:14 | Queue | Villager (Male) |
| 5:14 | Queue | Villager (Male) |
| 5:48 | Queue | Villager (Male) |
| 6:09 | Queue | Villager (Male) |
| 6:16 | Build | House |
| 7:16 | Queue | Villager (Male) |
| 7:46 | Queue | Villager (Male) |
| 8:16 | Research | Feudal Age |
| 8:20 | Build | Barracks |
| 8:24 | Build | House |
| 8:52 | Build | House |
| 8:56 | Build | Palisade Wall |
| 9:07 | Build | Palisade Wall |
| 9:20 | Build | Palisade Wall |
| 9:33 | Queue | Villager (Male) |
| 9:56 | Build | Palisade Gate |
| 9:57 | Build | Palisade Wall |
| 9:58 | Build | Palisade Wall |
| 10:19 | Queue | Villager (Male) |
| 10:26 | Age | Feudal Age |
| 10:33 | Research | Double-Bit Axe |
| 10:45 | Build | Stable |
| 10:49 | Build | Farm |
| 10:51 | Build | Farm |
| 10:51 | Build | Farm |
| 10:52 | Build | Farm |
| 10:52 | Build | Farm |
| 10:52 | Build | Farm |
| 10:53 | Build | Farm |
| 10:53 | Build | Farm |
| 11:11 | Queue | Villager (Male) |
| 11:15 | Build | House |
| 11:23 | Build | Farm |
| 11:24 | Build | Farm |
| 11:25 | Build | Farm |
| 11:27 | Queue | Villager (Male) |
| 11:39 | Queue | Scout Cavalry |
| 12:02 | Build | Farm |
| 12:03 | Build | Farm |
| 12:03 | Build | Farm |
| 12:03 | Build | Farm |
| 12:05 | Queue | Villager (Male) |
| 12:27 | Queue | Spearman |
| 12:50 | Queue | Villager (Male) |
| 13:04 | Queue | Spearman |
| 13:30 | Queue | Spearman |
| 14:05 | Queue | Villager (Male) |
| 14:05 | Queue | Villager (Male) |
| 14:27 | Queue | Villager (Male) |
| 14:40 | Build | Farm |
| 14:40 | Build | Farm |
| 14:48 | Queue | Villager (Male) |
| 14:49 | Build | Farm |
| 14:49 | Build | Farm |
| 14:50 | Build | Farm |
| 14:50 | Build | Farm |
| 14:50 | Build | Farm |
| 15:01 | Research | Town Watch |
| 15:28 | Build | Mining Camp |
| 15:30 | Queue | Villager (Male) |
| 15:59 | Queue | Villager (Male) |
| 16:19 | Queue | Scout Cavalry |
| 16:44 | Build | Lumber Camp |
| 16:50 | Queue | Villager (Male) |
| 16:51 | Queue | Villager (Male) |
| 17:26 | Build | Palisade Wall |
| 17:47 | Build | Watch Tower |
| 17:49 | Build | Blacksmith |
| 17:52 | Queue | Scout Cavalry |
| 17:56 | Queue | Villager (Male) |
| 17:57 | Queue | Villager (Male) |
| 18:15 | Build | House |
| 18:18 | Queue | Villager (Male) |
| 18:20 | Queue | Villager (Male) |
| 18:31 | Build | House |
| 18:43 | Queue | Villager (Male) |
| 19:04 | Build | Mining Camp |
| 19:42 | Queue | Villager (Male) |
| 19:52 | Build | Market |
| 20:34 | Queue | Scout Cavalry |
| 20:35 | Queue | Scout Cavalry |
| 20:50 | Build | Stone Wall |
| 20:53 | Build | Palisade Wall |
| 21:32 | Build | House |
| 21:34 | Build | Stone Wall |
| 21:40 | Queue | Villager (Male) |
| 21:41 | Queue | Villager (Male) |
| 22:01 | Build | Palisade Wall |
| 22:25 | Build | House |
| 22:28 | Build | House |
| 22:38 | Build | Stable |
| 22:43 | Research | Castle Age |
| 23:00 | Queue | Villager (Male) |
| 23:21 | Queue | Villager (Male) |
| 23:56 | Research | Scale Barding Armor |
| 25:17 | Research | Forging |
| 25:22 | Build | House |
| 25:23 | Age | Castle Age |
| 25:24 | Build | House |
| 25:26 | Queue | Knight |
| 25:26 | Queue | Knight |
| 25:26 | Queue | Knight |
| 25:30 | Build | House |
| 25:43 | Queue | Knight |
| 25:51 | Build | Town Center |
| 26:15 | Queue | Knight |
| 26:20 | Queue | Knight |
| 26:34 | Queue | Villager (Male) |
| 26:43 | Build | Town Center |
| 27:16 | Queue | Villager (Male) |
| 27:18 | Queue | Villager (Male) |
| 27:23 | Queue | Knight |
| 27:27 | Queue | Knight |
| 27:46 | Queue | Villager (Male) |
| 27:49 | Build | House |
| 27:54 | Queue | Villager (Male) |
| 28:08 | Build | Farm |
| 28:23 | Queue | Villager (Male) |
| 28:24 | Queue | Villager (Male) |
| 28:50 | Queue | Knight |
| 29:10 | Queue | Villager (Male) |
| 29:11 | Queue | Villager (Male) |
| 29:41 | Queue | Villager (Male) |
| 29:42 | Queue | Villager (Male) |
| 29:51 | Queue | Villager (Male) |
| 29:56 | Build | Farm |
| 29:56 | Build | Farm |
| 29:57 | Build | Farm |
| 29:57 | Build | Farm |
| 29:57 | Build | Farm |
| 29:58 | Build | Farm |
Match timeline
| 8:20 | Tupeck · first_building Barracks |
| 8:56 | Tupeck · wall_segment Palisade Wall x13 |
| 9:07 | Tupeck · wall_segment Palisade Wall x16 |
| 9:20 | Tupeck · wall_segment Palisade Wall x9 |
| 9:57 | Tupeck · wall_segment Palisade Wall x1 |
| 9:58 | Tupeck · wall_segment Palisade Wall x1 |
| 10:07 | Dafixios · age_up feudal |
| 10:26 | Tupeck · age_up feudal |
| 10:45 | Tupeck · first_building Stable |
| 14:50 | Dafixios · wall_segment Palisade Wall x2 |
| 17:26 | Tupeck · wall_segment Palisade Wall x1 |
| 19:00 | Dafixios · wall_segment Palisade Wall x1 |
| 19:03 | Dafixios · wall_segment Palisade Wall x1 |
| 20:50 | Tupeck · wall_segment Stone Wall x14 |
| 20:53 | Tupeck · wall_segment Palisade Wall x9 |
| 21:34 | Tupeck · wall_segment Stone Wall x2 |
| 22:01 | Tupeck · wall_segment Palisade Wall x7 |
| 22:16 | Tupeck · first_market_buy 100 food |
| 24:39 | Dafixios · first_building Barracks |
| 25:23 | Tupeck · age_up castle |
| 25:37 | Dafixios · first_market_sell 100 wood |
| 26:34 | Dafixios · first_market_buy 100 food |
| 27:30 | Dafixios · wall_segment Stone Wall x5 |
| 27:45 | Dafixios · wall_segment Stone Wall x1 |
| 28:16 | Dafixios · wall_segment Stone Wall x1 |
| 29:56 | Dafixios · wall_segment Palisade Wall x1 |
| 30:43 | Dafixios · age_up castle |
| 34:19 | Tupeck · wall_segment Stone Wall x13 |
| 34:23 | Tupeck · wall_segment Stone Wall x5 |
| 34:24 | Tupeck · wall_segment Stone Wall x5 |
| 34:46 | Tupeck · first_building Castle |
| 35:22 | Dafixios · wall_segment Palisade Wall x1 |
| 37:01 | Dafixios · first_building Monastery |
| 39:55 | Tupeck · age_up imperial |
| 40:06 | Dafixios · wall_segment Palisade Wall x2 |
| 40:51 | Tupeck · wall_segment Stone Wall x13 |
| 41:23 | Dafixios · first_building Siege Workshop |
| 43:12 | Tupeck · wall_segment Stone Wall x13 |
| 44:35 | Tupeck · wall_segment Stone Wall x2 |
| 45:13 | Dafixios · wall_segment Stone Wall x1 |
| 45:26 | Tupeck · wall_segment Stone Wall x1 |
| 45:28 | Tupeck · wall_segment Stone Wall x2 |
| 50:13 | Dafixios · first_building Castle |
| 53:31 | Dafixios · resign |
[ AI ANALYSIS · 1 CREDIT ]
What really happened in this match?
Wolo.gg analyzes every decision: build order, eco, micro, common mistakes by bracket. Personalized analysis on WhatsApp or Discord in 30 seconds.
Civ guide
Teutons
Perfil
Dafixios